Rangers vs Flames
(R1)
Created - 5 novembre 2012 at 19:08
Simulating a Pre-Season
Goals
|
| Rangers |
0 |
0 |
1 |
1 |
| Flames |
2 |
0 |
2 |
4 |
|
Shots
|
| Rangers |
7 |
8 |
9 |
24 |
| Flames |
11 |
9 |
13 |
33 |
|
1st period
1. Flames , Michal Handzus 4 (Rob Blake, Mike Mottau) at 11:48
2. Flames , David Backes 2 (Kyle Calder) at 18:25 (PP)
Penalties :
Pavel Bure (Cal) for Goalie Interference (Minor) at 6:33, Johan Franzen (NYR) for Roughing (Minor) at 17:51
2nd period
No Goal
Penalties :
Shawn Horcoff (Cal) for Tripping (Minor) at 0:53, Brad Richards (NYR) for Tripping (Minor) at 0:53, Brad Richards (NYR) for Hooking (Minor) at 7:14, Byron Ritchie (NYR) for Hooking (Minor) at 14:27, Petr Schastlivy (Cal) for Tripping (Minor) at 16:55
3rd period
3. Rangers , Jere Lehtinen 2 (Brent Seabrook, Bobby Holik) at 9:12
4. Flames , Alexander Semin 6 (Eric Staal) at 11:35 (PP)
5. Flames , David Backes 3 (Michal Handzus) at 12:07
Penalties :
Brad Richards (NYR) for Hooking (Minor) at 0:37, Matt Smaby (Cal) for Goalie Interference (Minor) at 2:00, Petr Schastlivy (Cal) for Interference (Minor) at 6:16, Kimmo Timonen (NYR) for Roughing (Minor) at 11:06, Patrice Bergeron (NYR) for Holding (Minor) at 15:36
Goalie Stats
Hannu Toivonen (NYR), 29 saves from 33 shots - (0,879), L, 0-2-0, 60:00 minutes
Pekka Rinne (Cal), 23 saves from 24 shots - (0,958), W, 2-1-1, 60:00 minutes
Players Stats for Rangers
Player Name G A P +/- PIM S H SB GA TA FO MP PP MP PK MP
------------------------------------------------------------------------------------
Alexandre Burrows 0 0 0 1 0 2 3 0 0 0 0/1 12:54 0:29 1:55
Bobby Holik 0 1 1 1 0 1 3 2 0 1 7/16 16:25 0:21 5:10
Brad Richards 0 0 0 0 6 3 1 0 0 0 14/33 18:59 3:43 1:38
Brent Seabrook 0 1 1 0 0 3 2 1 1 1 0/0 20:44 2:31 3:07
Bryan Berard 0 0 0 -1 0 1 0 1 0 0 0/0 27:35 5:09 5:16
Byron Ritchie 0 0 0 -1 2 1 2 0 0 0 4/6 10:14 0:01 1:13
Cam Barker 0 0 0 0 0 1 1 1 0 2 0/0 24:47 2:11 5:16
Dustin Byfuglien 0 0 0 -1 0 1 2 0 0 0 0/1 7:59 0:21 0:00
Jere Lehtinen 1 0 1 1 0 3 0 0 0 0 0/0 10:23 0:00 1:47
Johan Franzen 0 0 0 -1 2 0 2 0 0 0 1/1 14:42 3:16 0:00
Kimmo Timonen 0 0 0 -1 2 0 0 3 0 1 0/0 23:29 4:49 0:00
Kyle McLaren 0 0 0 0 0 0 2 1 0 0 0/0 13:22 0:00 3:07
Matt Greene 0 0 0 0 0 1 1 1 0 0 0/0 10:02 0:00 0:00
Milan Lucic 0 0 0 0 0 4 2 1 1 1 1/2 22:38 3:35 4:40
Patric Hornqvist 0 0 0 0 0 1 2 0 0 0 2/2 16:24 3:42 0:00
Patrice Bergeron 0 0 0 -1 2 1 5 1 0 2 0/5 15:43 3:16 0:22
Patrick Sharp 0 0 0 -1 0 1 1 0 0 1 0/1 14:57 3:16 0:01
Sean Avery 0 0 0 -1 0 0 1 0 0 0 1/1 7:38 0:00 0:00
Players Stats for Flames
Player Name G A P +/- PIM S H SB GA TA FO MP PP MP PK MP
------------------------------------------------------------------------------------
Alexander Semin 1 0 1 2 0 2 2 0 0 0 0/1 19:22 5:13 2:11
Blair Betts 0 0 0 0 0 0 1 0 0 0 1/3 8:51 0:08 1:30
Brett Lebda 0 0 0 0 0 2 1 1 0 0 0/0 9:19 0:00 0:19
David Backes 2 0 2 2 0 4 2 0 0 0 1/1 15:19 3:10 0:00
David Moss 0 0 0 0 0 0 0 0 0 0 0/0 7:53 0:00 0:49
Eric Staal 0 1 1 -1 0 5 3 0 1 1 25/41 22:54 5:05 1:34
Jordin Tootoo 0 0 0 0 0 0 5 0 0 0 1/1 9:43 0:08 2:31
Kyle Calder 0 1 1 0 0 1 0 0 1 0 0/1 11:59 3:10 0:00
Matt Smaby 0 0 0 0 2 1 0 0 0 1 0/0 11:12 2:30 0:00
Michal Handzus 1 1 2 2 0 3 3 0 1 0 7/11 14:51 0:00 3:42
Mike Mottau 0 1 1 1 0 1 0 1 0 0 0/0 22:08 2:31 3:17
Owen Nolan 0 0 0 0 0 1 1 0 0 0 1/1 8:33 0:00 0:00
Pavel Bure 0 0 0 -1 2 3 3 0 2 0 0/1 22:02 5:05 0:34
Petr Schastlivy 0 0 0 -1 4 1 0 0 1 0 0/1 16:19 0:00 1:49
Rob Blake 0 1 1 1 0 3 1 0 1 0 0/0 25:41 5:52 3:17
Shawn Horcoff 0 0 0 0 2 3 1 0 1 0 3/7 11:59 3:10 0:00
Steve Eminger 0 0 0 0 0 2 1 2 0 0 0/0 23:22 0:00 4:03
Tomas Kaberle 0 0 0 0 0 1 0 1 1 0 0/0 28:33 5:52 3:44
3 Stars
1 - David Backes (Cal)
2 - Michal Handzus (Cal)
3 - Alexander Semin (Cal)
Power Play
Rangers - 0 on 4 Attempt(s) - 0,00%
Flames - 2 on 6 Attempt(s) - 33,33%
Penalty Kill
Rangers - 4 on 6 Attempt(s) - 66,67%
- Score 0 goal in Penalty Kill
Flames - 4 on 4 Attempt(s) - 100,00%
- Score 0 goal in Penalty Kill
Official
Referees : Hasenfratz Mike and LaRue Dennis
Linesman : Brian Murphy and Dan Schachte
Game Notes
No Game Note
Rangers
5 vs 5 Forward
Center Left Wing Right Wing Time % Phy DF OF
1 Brad Richards Milan Lucic Patric Hornqvist 40 1 2 2
2 Patrice Bergeron Patrick Sharp Johan Franzen 30 1 2 2
3 Bobby Holik Alexandre Burrows Jere Lehtinen 20 1 3 1
4 Byron Ritchie Sean Avery Dustin Byfuglien 10 2 2 1
5 vs 5 Defense
Defense Defense Time % Phy DF OF
1 Kimmo Timonen Bryan Berard 40 1 2 2
2 Brent Seabrook Cam Barker 30 1 2 2
3 Kyle McLaren Matt Greene 20 1 2 2
4 Kimmo Timonen Bryan Berard 10 1 2 2
PowerPlay Forward
Center Left Wing Right Wing Time % Phy DF OF
1 Brad Richards Milan Lucic Patric Hornqvist 60 1 1 3
2 Patrice Bergeron Patrick Sharp Johan Franzen 40 1 1 3
PowerPlay Defense
Defense Defense Time % Phy DF OF
1 Kimmo Timonen Bryan Berard 60 1 1 3
2 Brent Seabrook Cam Barker 40 1 1 3
Penalty Kill 4 Players Forward
Center Wing Time % Phy DF OF
1 Bobby Holik Milan Lucic 60 2 2 1
2 Brad Richards Jere Lehtinen 40 1 3 1
Penalty Kill 4 Players Defense
Defense Defense Time % Phy DF OF
1 Cam Barker Bryan Berard 60 2 2 1
2 Brent Seabrook Kyle McLaren 40 1 3 1
Penalty Kill - 3 Players Forward
Forward Time % Phy DF OF
1 Bobby Holik 60 2 2 1
2 Brad Richards 40 1 3 1
Penalty Kill - 3 Players Defense
Defense Defense Time % Phy DF OF
1 Cam Barker Bryan Berard 60 2 2 1
2 Brent Seabrook Kyle McLaren 40 1 3 1
4 vs 4 Forward
Center Wing Time % Phy DF OF
1 Brad Richards Milan Lucic 60 1 2 2
2 Bobby Holik Jere Lehtinen 40 1 2 2
4 vs 4 Defense
Defense Defense Time % Phy DF OF
1 Kimmo Timonen Cam Barker 60 1 2 2
2 Brent Seabrook Bryan Berard 40 1 2 2
Last Minutes Offensive
Center Left Wing Right Wing Defense Defense
Brad Richards Milan Lucic Johan Franzen Kimmo Timonen Brent Seabrook
Last Minutes Defensive
Center Left Wing Right Wing Defense Defense
Bobby Holik Alexandre Burrows Jere Lehtinen Cam Barker Bryan Berard
Goaltenders
Starting : Hannu Toivonen
Backup : Henrik Lundqvist
Extra Forwards
Normal : Brad Richards, Milan Lucic, Bobby Holik - PP : Brad Richards, Johan Franzen - PK : Brad Richards
Extra Defensemen
Normal : Bryan Berard, Cam Barker, Brent Seabrook - PP : Bryan Berard - PK : Kimmo Timonen, Bryan Berard
Penalty Shots
Johan Franzen, Patrice Bergeron, Brad Richards, Patrick Sharp, Bryan Berard
Flames
5 vs 5 Forward
Center Left Wing Right Wing Time % Phy DF OF
1 Eric Staal Petr Schastlivy Pavel Bure 35 1 2 2
2 Michal Handzus Alexander Semin David Backes 30 1 2 2
3 Shawn Horcoff Kyle Calder Owen Nolan 20 1 2 2
4 Blair Betts David Moss Jordin Tootoo 15 1 2 2
5 vs 5 Defense
Defense Defense Time % Phy DF OF
1 Tomas Kaberle Steve Eminger 40 1 3 1
2 Mike Mottau Rob Blake 30 1 2 2
3 Matt Smaby Brett Lebda 20 1 2 2
4 Mike Mottau Rob Blake 10 1 3 1
PowerPlay Forward
Center Left Wing Right Wing Time % Phy DF OF
1 Eric Staal Alexander Semin Pavel Bure 60 1 1 3
2 Shawn Horcoff Kyle Calder David Backes 40 1 1 3
PowerPlay Defense
Defense Defense Time % Phy DF OF
1 Tomas Kaberle Rob Blake 60 1 2 2
2 Mike Mottau Matt Smaby 40 1 2 2
Penalty Kill 4 Players Forward
Center Wing Time % Phy DF OF
1 Michal Handzus Petr Schastlivy 60 1 3 1
2 Eric Staal Pavel Bure 40 1 3 1
Penalty Kill 4 Players Defense
Defense Defense Time % Phy DF OF
1 Tomas Kaberle Steve Eminger 60 1 3 1
2 Mike Mottau Rob Blake 40 1 3 1
Penalty Kill - 3 Players Forward
Forward Time % Phy DF OF
1 Eric Staal 60 1 3 1
2 Michal Handzus 40 1 3 1
Penalty Kill - 3 Players Defense
Defense Defense Time % Phy DF OF
1 Tomas Kaberle Steve Eminger 60 1 3 1
2 Mike Mottau Rob Blake 40 1 3 1
4 vs 4 Forward
Center Wing Time % Phy DF OF
1 Eric Staal Pavel Bure 60 1 2 2
2 Shawn Horcoff Alexander Semin 40 1 2 2
4 vs 4 Defense
Defense Defense Time % Phy DF OF
1 Tomas Kaberle Steve Eminger 60 1 2 2
2 Mike Mottau Rob Blake 40 1 2 2
Last Minutes Offensive
Center Left Wing Right Wing Defense Defense
Eric Staal Alexander Semin Pavel Bure Tomas Kaberle Steve Eminger
Last Minutes Defensive
Center Left Wing Right Wing Defense Defense
Eric Staal Petr Schastlivy Pavel Bure Tomas Kaberle Steve Eminger
Goaltenders
Starting : Pekka Rinne
Backup : Craig Anderson
Extra Forwards
Normal : David Backes, Petr Schastlivy, Shawn Horcoff - PP : Shawn Horcoff, David Backes - PK : Jordin Tootoo
Extra Defensemen
Normal : Rob Blake, Brett Lebda, Matt Smaby - PP : Matt Smaby - PK : Mike Mottau, Brett Lebda
Penalty Shots
Eric Staal, Pavel Bure, Alexander Semin, David Backes, Shawn Horcoff
% Time on Ice - Rangers
Lines # - Real PCT - Wanted PCT - Time Play
Normal Forward
1 - 34% - 40% - 14:01
2 - 28% - 30% - 11:33
3 - 20% - 20% - 8:30
4 - 18% - 10% - 7:38
Normal Defense
1 - 39% - 40% - 16:28
2 - 34% - 30% - 14:14
3 - 24% - 20% - 10:02
4 - 2% - 10% - 0:58
PP Forward
1 - 55% - 60% - 4:04
2 - 45% - 40% - 3:16
PP Defense
1 - 66% - 60% - 4:49
2 - 34% - 40% - 2:31
PK Forward
1 - 79% - 60% - 6:36
2 - 21% - 40% - 1:47
PK Defense
1 - 63% - 60% - 5:16
2 - 37% - 40% - 3:07
PK3 Forward
1 - 0% - 60%
2 - 0% - 40%
PK3 Defense
1 - 0% - 60%
2 - 0% - 40%
44 Forward
1 - 100% - 60% - 2:35
2 - 0% - 40% - 0:00
44 Defense
1 - 75% - 60% - 1:57
2 - 25% - 40% - 0:38
Last Minute Offensive - 0:00
Last Minute Defensive - 0:00
Total
Forward - 60:00
Defense - 60:00
|
% Time on Ice - Flames
Lines # - Real PCT - Wanted PCT - Time Play
Normal Forward
1 - 35% - 35% - 14:25
2 - 28% - 30% - 11:40
3 - 21% - 20% - 8:33
4 - 17% - 15% - 7:04
Normal Defense
1 - 44% - 40% - 18:09
2 - 33% - 30% - 13:52
3 - 19% - 20% - 8:07
4 - 4% - 10% - 1:34
PP Forward
1 - 62% - 60% - 5:13
2 - 38% - 40% - 3:10
PP Defense
1 - 70% - 60% - 5:52
2 - 30% - 40% - 2:31
PK Forward
1 - 83% - 60% - 6:06
2 - 17% - 40% - 1:14
PK Defense
1 - 55% - 60% - 4:03
2 - 45% - 40% - 3:17
PK3 Forward
1 - 0% - 60%
2 - 0% - 40%
PK3 Defense
1 - 0% - 60%
2 - 0% - 40%
44 Forward
1 - 74% - 60% - 1:55
2 - 26% - 40% - 0:40
44 Defense
1 - 65% - 60% - 1:41
2 - 35% - 40% - 0:54
Last Minute Offensive - 0:00
Last Minute Defensive - 0:00
Total
Forward - 60:00
Defense - 60:00
|
Play by Play
1st period
0:01 of 1st period - Eric Staal wins face-off versus Brad Richards in neutral zone.
0:06 of 1st period - Brad Richards is hit by Pavel Bure and loses puck.
0:25 of 1st period - Michal Handzus is hit by Patrice Bergeron and loses puck.
0:57 of 1st period - Snap shot by Kyle Calder.
0:57 of 1st period - Stopped by Hannu Toivonen with a rebound.
0:59 of 1st period - Slapshot by Mike Mottau.
0:59 of 1st period - Stopped by Hannu Toivonen without a rebound.
1:00 of 1st period - Byron Ritchie wins face-off versus Blair Betts in Rangers zone.
1:15 of 1st period - Slapshot by Brett Lebda.
1:15 of 1st period - Stopped by Hannu Toivonen with a rebound.
2:10 of 1st period - David Backes is hit by Bobby Holik and loses puck.
2:17 of 1st period - Slapshot by Bobby Holik.
2:17 of 1st period - Shot Hit the Post.
2:21 of 1st period - Wrist shot by Alexandre Burrows.
2:21 of 1st period - Shot Hit the Post.
2:23 of 1st period - Snap shot by Alexandre Burrows.
2:23 of 1st period - Shot Misses the Net.
2:58 of 1st period - Slapshot by Cam Barker.
2:58 of 1st period - Shot Blocked by Mike Mottau.
3:00 of 1st period - Wrist shot by Brent Seabrook.
3:00 of 1st period - Stopped by Pekka Rinne with a rebound.
3:14 of 1st period - Wrist shot by Shawn Horcoff.
3:14 of 1st period - Shot Misses the Net.
3:16 of 1st period - Slapshot by Rob Blake.
3:16 of 1st period - Shot Blocked by Patrice Bergeron.
4:39 of 1st period - David Moss is hit by Alexandre Burrows and loses puck.
5:18 of 1st period - Snap shot by Brad Richards.
5:18 of 1st period - Shot Misses the Net.
5:20 of 1st period - Slapshot by Cam Barker.
5:20 of 1st period - Deflect By Owen Nolan.
5:20 of 1st period - Stopped by Pekka Rinne with a rebound.
5:30 of 1st period - Jordin Tootoo is hit by Dustin Byfuglien.
5:48 of 1st period - Bobby Holik is hit by Michal Handzus and loses puck.
6:04 of 1st period - Icing by Pavel Bure.
6:05 of 1st period - Johan Franzen wins face-off versus Shawn Horcoff in Flames zone.
6:16 of 1st period - Wrist shot by Johan Franzen.
6:16 of 1st period - Shot Misses the Net.
6:30 of 1st period - Wrist shot by Milan Lucic.
6:30 of 1st period - Stopped by Pekka Rinne without a rebound.
6:31 of 1st period - Brad Richards wins face-off versus Pavel Bure in Flames zone.
6:33 of 1st period - Minor Penalty to Pavel Bure for Goalie Interference.
6:34 of 1st period - Brad Richards wins face-off versus Michal Handzus in Flames zone.
6:50 of 1st period - Wrist shot by Patric Hornqvist.
6:50 of 1st period - Shot Blocked by Steve Eminger.
7:42 of 1st period - Milan Lucic is hit by Jordin Tootoo and loses puck.
8:33 of 1st period - Penalty to Pavel Bure is over, Pavel Bure is back on ice.
8:34 of 1st period - Tomas Kaberle is hit by Brad Richards and loses puck.
8:44 of 1st period - Off-side.
8:45 of 1st period - Shawn Horcoff wins face-off versus Alexandre Burrows in neutral zone.
8:48 of 1st period - Slapshot by Rob Blake.
8:48 of 1st period - Shot Misses the Net.
8:50 of 1st period - Slapshot by Rob Blake.
8:50 of 1st period - Shot Misses the Net.
9:12 of 1st period - Mike Mottau is hit by Byron Ritchie and loses puck.
9:35 of 1st period - Wrist shot by Eric Staal.
9:35 of 1st period - Shot Misses the Net.
9:37 of 1st period - Snap shot by Petr Schastlivy.
9:37 of 1st period - Shot Misses the Net.
9:56 of 1st period - Icing by Brent Seabrook.
9:57 of 1st period - Michal Handzus wins face-off versus Bobby Holik in Rangers zone.
10:04 of 1st period - Snap shot by David Backes.
10:04 of 1st period - Stopped by Hannu Toivonen with a rebound.
10:06 of 1st period - Snap shot by Michal Handzus.
10:06 of 1st period - Shot Blocked by Bobby Holik.
10:08 of 1st period - Slapshot by Brett Lebda.
10:08 of 1st period - Stopped by Hannu Toivonen with a rebound.
10:10 of 1st period - Snap shot by Alexander Semin.
10:10 of 1st period - Shot Misses the Net.
10:12 of 1st period - Wrist shot by Michal Handzus.
10:12 of 1st period - Deflect By Jere Lehtinen.
10:12 of 1st period - Shot Misses the Net.
10:12 of 1st period - Puck is out of play.
10:13 of 1st period - Eric Staal wins face-off versus Brad Richards in Rangers zone.
10:38 of 1st period - Eric Staal is hit by Bobby Holik and loses puck.
11:03 of 1st period - Snap shot by Dustin Byfuglien.
11:03 of 1st period - Stopped by Pekka Rinne without a rebound.
11:04 of 1st period - Michal Handzus wins face-off versus Byron Ritchie in Flames zone.
11:25 of 1st period - David Backes is hit by Dustin Byfuglien and loses puck.
11:44 of 1st period - Wrist shot by David Backes.
11:44 of 1st period - Shot Misses the Net.
11:46 of 1st period - Slapshot by Mike Mottau.
11:46 of 1st period - Shot Misses the Net.
11:48 of 1st period - Backhand shot by Rob Blake.
11:48 of 1st period - Deflect By Michal Handzus.
11:48 of 1st period - Goal by Michal Handzus - Rangers : 0 - Flames : 1.
11:49 of 1st period - Brad Richards wins face-off versus Eric Staal in neutral zone.
12:39 of 1st period - Snap shot by Michal Handzus.
12:39 of 1st period - Stopped by Hannu Toivonen with a rebound.
12:49 of 1st period - David Backes is hit by Brent Seabrook and loses puck.
13:10 of 1st period - Snap shot by Eric Staal.
13:10 of 1st period - Stopped by Hannu Toivonen without a rebound.
13:11 of 1st period - Eric Staal wins face-off versus Patrice Bergeron in Rangers zone.
14:22 of 1st period - Snap shot by Shawn Horcoff.
14:22 of 1st period - Deflect By Owen Nolan.
14:22 of 1st period - Stopped by Hannu Toivonen with a rebound.
14:24 of 1st period - Slapshot by Matt Smaby.
14:24 of 1st period - Shot Misses the Net.
14:26 of 1st period - Snap shot by Matt Smaby.
14:26 of 1st period - Shot Misses the Net.
14:28 of 1st period - Wrist shot by Owen Nolan.
14:28 of 1st period - Shot Misses the Net.
14:30 of 1st period - Wrist shot by Brett Lebda.
14:30 of 1st period - Shot Misses the Net.
14:40 of 1st period - Patrick Sharp is hit by Michal Handzus and loses puck.
14:47 of 1st period - Snap shot by Patrick Sharp.
14:47 of 1st period - Stopped by Pekka Rinne without a rebound.
14:48 of 1st period - Eric Staal wins face-off versus Brad Richards in Flames zone.
14:48 of 1st period - Eric Staal is hit by Milan Lucic.
15:04 of 1st period - Snap shot by Brad Richards.
15:04 of 1st period - Stopped by Pekka Rinne with a rebound.
15:16 of 1st period - Icing by Bobby Holik.
15:17 of 1st period - Michal Handzus wins face-off versus Bobby Holik in Rangers zone.
15:36 of 1st period - Slapshot by Jere Lehtinen.
15:36 of 1st period - Shot Misses the Net.
15:38 of 1st period - Snap shot by Jere Lehtinen.
15:38 of 1st period - Shot Misses the Net.
15:40 of 1st period - Slapshot by Bobby Holik.
15:40 of 1st period - Shot Misses the Net.
15:42 of 1st period - Slapshot by Matt Greene.
15:42 of 1st period - Deflect By Alexandre Burrows.
15:42 of 1st period - Shot Misses the Net.
15:42 of 1st period - Puck is out of play.
15:43 of 1st period - Brad Richards wins face-off versus Eric Staal in Flames zone.
16:22 of 1st period - Snap shot by Dustin Byfuglien.
16:22 of 1st period - Shot Misses the Net.
16:58 of 1st period - Slapshot by Alexandre Burrows.
16:58 of 1st period - Stopped by Pekka Rinne without a rebound.
16:59 of 1st period - Shawn Horcoff wins face-off versus Brad Richards in Flames zone.
17:06 of 1st period - Wrist shot by Shawn Horcoff.
17:06 of 1st period - Shot Blocked by Milan Lucic.
17:08 of 1st period - Wrist shot by Rob Blake.
17:08 of 1st period - Stopped by Hannu Toivonen without a rebound.
17:09 of 1st period - Patric Hornqvist wins face-off versus Michal Handzus in Rangers zone.
17:42 of 1st period - Wrist shot by Johan Franzen.
17:42 of 1st period - Shot Blocked by Brett Lebda.
17:44 of 1st period - Slapshot by Cam Barker.
17:44 of 1st period - Shot Misses the Net.
17:46 of 1st period - Wrist shot by Johan Franzen.
17:46 of 1st period - Shot Misses the Net.
17:51 of 1st period - Minor Penalty to Johan Franzen for Roughing.
17:52 of 1st period - Bobby Holik wins face-off versus Eric Staal in Rangers zone.
18:23 of 1st period - Wrist shot by David Backes.
18:23 of 1st period - Shot Blocked by Cam Barker.
18:25 of 1st period - Wrist shot by David Backes.
18:25 of 1st period - Goal by David Backes - Rangers : 0 - Flames : 2.
18:26 of 1st period - Eric Staal wins face-off versus Brad Richards in neutral zone.
18:50 of 1st period - Kimmo Timonen is hit by Rob Blake and loses puck.
19:01 of 1st period - Wrist shot by David Backes.
19:01 of 1st period - Shot Misses the Net.
19:10 of 1st period - Bryan Berard is hit by Owen Nolan and loses puck.
19:32 of 1st period - Slapshot by Bryan Berard.
19:32 of 1st period - Shot Misses the Net.
19:39 of 1st period - Off-side.
19:40 of 1st period - Eric Staal wins face-off versus Brad Richards in neutral zone.
19:40 of 1st period - Petr Schastlivy is hit by Milan Lucic and loses puck.
19:47 of 1st period - Matt Greene is hit by Pavel Bure and loses puck.
2nd period
0:01 of 2nd period - Michal Handzus wins face-off versus Brad Richards in neutral zone.
0:52 of 2nd period - Slapshot by Alexandre Burrows.
0:52 of 2nd period - Deflect By Tomas Kaberle.
0:52 of 2nd period - Stopped by Pekka Rinne without a rebound.
0:53 of 2nd period - Shawn Horcoff wins face-off versus Brad Richards in Flames zone.
0:53 of 2nd period - Minor Penalty to Shawn Horcoff for Tripping.
0:53 of 2nd period - Minor Penalty to Brad Richards for Tripping.
0:54 of 2nd period - Eric Staal wins face-off versus Milan Lucic in Flames zone.
1:10 of 2nd period - Wrist shot by Pavel Bure.
1:10 of 2nd period - Shot Misses the Net.
1:32 of 2nd period - Milan Lucic is hit by Eric Staal and loses puck.
1:49 of 2nd period - Snap shot by Alexandre Burrows.
1:49 of 2nd period - Deflect By Byron Ritchie.
1:49 of 2nd period - Stopped by Pekka Rinne without a rebound.
1:50 of 2nd period - Byron Ritchie wins face-off versus Eric Staal in Flames zone.
2:15 of 2nd period - Slapshot by Brent Seabrook.
2:15 of 2nd period - Stopped by Pekka Rinne without a rebound.
2:16 of 2nd period - David Backes wins face-off versus Bobby Holik in Flames zone.
2:27 of 2nd period - David Backes is hit by Cam Barker and loses puck.
2:53 of 2nd period - Penalty to Shawn Horcoff is over, Shawn Horcoff is back on ice.
2:53 of 2nd period - Penalty to Brad Richards is over, Brad Richards is back on ice.
2:53 of 2nd period - Icing by Bobby Holik.
2:54 of 2nd period - Michal Handzus wins face-off versus Bobby Holik in Rangers zone.
3:01 of 2nd period - Wrist shot by Alexander Semin.
3:01 of 2nd period - Shot Blocked by Kimmo Timonen.
3:13 of 2nd period - Wrist shot by Brad Richards.
3:13 of 2nd period - Stopped by Pekka Rinne with a rebound.
3:32 of 2nd period - Backhand shot by Milan Lucic.
3:32 of 2nd period - Deflect By Tomas Kaberle.
3:32 of 2nd period - Shot Misses the Net.
3:32 of 2nd period - Puck is out of play.
3:33 of 2nd period - Eric Staal wins face-off versus Patrice Bergeron in Flames zone.
4:43 of 2nd period - Snap shot by Alexander Semin.
4:43 of 2nd period - Shot Misses the Net.
4:45 of 2nd period - Slapshot by Mike Mottau.
4:45 of 2nd period - Deflect By David Backes.
4:45 of 2nd period - Stopped by Hannu Toivonen with a rebound.
5:07 of 2nd period - Snap shot by Michal Handzus.
5:07 of 2nd period - Stopped by Hannu Toivonen with a rebound.
5:09 of 2nd period - Snap shot by Alexander Semin.
5:09 of 2nd period - Stopped by Hannu Toivonen with a rebound.
5:11 of 2nd period - Slapshot by Rob Blake.
5:11 of 2nd period - Stopped by Hannu Toivonen without a rebound.
5:12 of 2nd period - Eric Staal wins face-off versus Patrick Sharp in Rangers zone.
5:13 of 2nd period - Snap shot by Pavel Bure.
5:13 of 2nd period - Shot Blocked by Kimmo Timonen.
5:55 of 2nd period - Bryan Berard is hit by Jordin Tootoo and loses puck.
6:02 of 2nd period - Icing by Tomas Kaberle.
6:03 of 2nd period - Blair Betts wins face-off versus Patrice Bergeron in Flames zone.
6:03 of 2nd period - Blair Betts is hit by Johan Franzen.
6:33 of 2nd period - Slapshot by Tomas Kaberle.
6:33 of 2nd period - Shot Blocked by Matt Greene.
6:55 of 2nd period - Slapshot by Kyle Calder.
6:55 of 2nd period - Shot Misses the Net.
6:57 of 2nd period - Slapshot by Steve Eminger.
6:57 of 2nd period - Deflect By Byron Ritchie.
6:57 of 2nd period - Stopped by Hannu Toivonen with a rebound.
6:59 of 2nd period - Snap shot by Tomas Kaberle.
6:59 of 2nd period - Deflect By Shawn Horcoff.
6:59 of 2nd period - Shot Misses the Net.
6:59 of 2nd period - Puck is out of play.
7:00 of 2nd period - Brad Richards wins face-off versus Eric Staal in Rangers zone.
7:07 of 2nd period - Slapshot by Milan Lucic.
7:07 of 2nd period - Stopped by Pekka Rinne with a rebound.
7:13 of 2nd period - Wrist shot by Pavel Bure.
7:13 of 2nd period - Stopped by Hannu Toivonen without a rebound.
7:14 of 2nd period - Patric Hornqvist wins face-off versus Shawn Horcoff in Rangers zone.
7:14 of 2nd period - Minor Penalty to Brad Richards for Hooking.
7:15 of 2nd period - Eric Staal wins face-off versus Bobby Holik in Rangers zone.
7:20 of 2nd period - Snap shot by Eric Staal.
7:20 of 2nd period - Stopped by Hannu Toivonen with a rebound.
9:14 of 2nd period - Penalty to Brad Richards is over, Brad Richards is back on ice.
9:35 of 2nd period - Bryan Berard is hit by Blair Betts and loses puck.
10:06 of 2nd period - Eric Staal is hit by Sean Avery.
10:07 of 2nd period - Icing by Eric Staal.
10:08 of 2nd period - Byron Ritchie wins face-off versus Eric Staal in Flames zone.
10:09 of 2nd period - Snap shot by Sean Avery.
10:09 of 2nd period - Shot Misses the Net.
10:17 of 2nd period - Slapshot by Matt Greene.
10:17 of 2nd period - Stopped by Pekka Rinne without a rebound.
10:18 of 2nd period - Brad Richards wins face-off versus Blair Betts in Flames zone.
10:21 of 2nd period - Wrist shot by Milan Lucic.
10:21 of 2nd period - Deflect By Brad Richards.
10:21 of 2nd period - Stopped by Pekka Rinne with a rebound.
10:23 of 2nd period - Snap shot by Matt Greene.
10:23 of 2nd period - Shot Misses the Net.
10:45 of 2nd period - Wrist shot by Alexandre Burrows.
10:45 of 2nd period - Shot Misses the Net.
12:30 of 2nd period - Patrick Sharp is hit by Brett Lebda and loses puck.
13:05 of 2nd period - Snap shot by Pavel Bure.
13:05 of 2nd period - Shot Blocked by Kyle McLaren.
13:07 of 2nd period - Wrist shot by Pavel Bure.
13:07 of 2nd period - Shot Misses the Net.
13:09 of 2nd period - Snap shot by Petr Schastlivy.
13:09 of 2nd period - Stopped by Hannu Toivonen with a rebound.
13:11 of 2nd period - Wrist shot by Eric Staal.
13:11 of 2nd period - Stopped by Hannu Toivonen without a rebound.
13:12 of 2nd period - Brad Richards wins face-off versus Michal Handzus in Rangers zone.
13:12 of 2nd period - Brad Richards is hit by Alexander Semin.
13:24 of 2nd period - Kimmo Timonen is hit by David Backes and loses puck.
14:27 of 2nd period - Minor Penalty to Byron Ritchie for Hooking.
14:28 of 2nd period - Eric Staal wins face-off versus Bobby Holik in Rangers zone.
16:27 of 2nd period - Penalty to Byron Ritchie is over, Byron Ritchie is back on ice.
16:36 of 2nd period - Alexandre Burrows is hit by Jordin Tootoo and loses puck.
16:43 of 2nd period - Rob Blake is hit by Byron Ritchie and loses puck.
16:52 of 2nd period - Snap shot by Patrice Bergeron.
16:52 of 2nd period - Stopped by Pekka Rinne without a rebound.
16:53 of 2nd period - Eric Staal wins face-off versus Dustin Byfuglien in Flames zone.
16:55 of 2nd period - Minor Penalty to Petr Schastlivy for Tripping.
16:56 of 2nd period - Michal Handzus wins face-off versus Brad Richards in Flames zone.
17:22 of 2nd period - Steve Eminger is hit by Patrice Bergeron and loses puck.
18:23 of 2nd period - Rob Blake is hit by Patrice Bergeron and loses puck.
18:55 of 2nd period - Penalty to Petr Schastlivy is over, Petr Schastlivy is back on ice.
19:07 of 2nd period - Snap shot by Owen Nolan.
19:07 of 2nd period - Shot Misses the Net.
19:33 of 2nd period - Kyle McLaren is hit by Eric Staal and loses puck.
19:40 of 2nd period - Brent Seabrook is hit by Eric Staal and loses puck.
3rd period
0:01 of 3rd period - Eric Staal wins face-off versus Brad Richards in neutral zone.
0:03 of 3rd period - Off-side.
0:04 of 3rd period - Eric Staal wins face-off versus Brad Richards in neutral zone.
0:06 of 3rd period - Off-side.
0:07 of 3rd period - Eric Staal wins face-off versus Brad Richards in neutral zone.
0:10 of 3rd period - Slapshot by Tomas Kaberle.
0:10 of 3rd period - Shot Misses the Net.
0:12 of 3rd period - Wrist shot by Pavel Bure.
0:12 of 3rd period - Shot Blocked by Kimmo Timonen.
0:14 of 3rd period - Wrist shot by Steve Eminger.
0:14 of 3rd period - Stopped by Hannu Toivonen with a rebound.
0:16 of 3rd period - Snap shot by Eric Staal.
0:16 of 3rd period - Stopped by Hannu Toivonen without a rebound.
0:17 of 3rd period - Eric Staal wins face-off versus Brad Richards in Rangers zone.
0:26 of 3rd period - Off-side.
0:27 of 3rd period - Brad Richards wins face-off versus Eric Staal in neutral zone.
0:32 of 3rd period - Snap shot by Patric Hornqvist.
0:32 of 3rd period - Stopped by Pekka Rinne without a rebound.
0:33 of 3rd period - Michal Handzus wins face-off versus Brad Richards in Flames zone.
0:37 of 3rd period - Minor Penalty to Brad Richards for Hooking.
0:38 of 3rd period - Eric Staal wins face-off versus Bobby Holik in Rangers zone.
0:46 of 3rd period - Icing by Alexander Semin.
0:47 of 3rd period - Bobby Holik wins face-off versus Eric Staal in Flames zone.
1:25 of 3rd period - Wrist shot by Alexander Semin.
1:25 of 3rd period - Shot Misses the Net.
1:43 of 3rd period - Snap shot by Alexander Semin.
1:43 of 3rd period - Shot Blocked by Bobby Holik.
1:45 of 3rd period - Snap shot by Eric Staal.
1:45 of 3rd period - Shot Blocked by Bryan Berard.
1:47 of 3rd period - Slapshot by Pavel Bure.
1:47 of 3rd period - Stopped by Hannu Toivonen with a rebound.
1:49 of 3rd period - Slapshot by Tomas Kaberle.
1:49 of 3rd period - Deflect By Alexander Semin.
1:49 of 3rd period - Shot Misses the Net.
1:49 of 3rd period - Puck is out of play.
1:50 of 3rd period - Byron Ritchie wins face-off versus Shawn Horcoff in Rangers zone.
2:00 of 3rd period - Minor Penalty to Matt Smaby for Goalie Interference.
2:01 of 3rd period - Eric Staal wins face-off versus Bobby Holik in Flames zone.
2:14 of 3rd period - Pavel Bure is hit by Bobby Holik and loses puck.
2:31 of 3rd period - Off-side.
2:32 of 3rd period - Eric Staal wins face-off versus Byron Ritchie in neutral zone.
2:37 of 3rd period - Penalty to Brad Richards is over, Brad Richards is back on ice.
3:59 of 3rd period - Pavel Bure is hit by Patric Hornqvist.
4:00 of 3rd period - Penalty to Matt Smaby is over, Matt Smaby is back on ice.
4:10 of 3rd period - Kimmo Timonen is hit by Pavel Bure and loses puck.
4:15 of 3rd period - Snap shot by Matt Smaby.
4:15 of 3rd period - Stopped by Hannu Toivonen without a rebound.
4:16 of 3rd period - Sean Avery wins face-off versus Shawn Horcoff in Rangers zone.
4:16 of 3rd period - Sean Avery is hit by Shawn Horcoff.
4:38 of 3rd period - Backhand shot by Cam Barker.
4:38 of 3rd period - Shot Blocked by Steve Eminger.
5:04 of 3rd period - David Moss is hit by Johan Franzen and loses puck.
5:59 of 3rd period - Slapshot by Patrice Bergeron.
5:59 of 3rd period - Shot Misses the Net.
6:15 of 3rd period - Wrist shot by Shawn Horcoff.
6:15 of 3rd period - Stopped by Hannu Toivonen without a rebound.
6:16 of 3rd period - Brad Richards wins face-off versus Eric Staal in Rangers zone.
6:16 of 3rd period - Minor Penalty to Petr Schastlivy for Interference.
6:17 of 3rd period - Jordin Tootoo wins face-off versus Brad Richards in Flames zone.
7:37 of 3rd period - Blair Betts is hit by Alexandre Burrows.
7:41 of 3rd period - Blair Betts is hit by Alexandre Burrows and loses puck.
8:16 of 3rd period - Penalty to Petr Schastlivy is over, Petr Schastlivy is back on ice.
8:16 of 3rd period - Steve Eminger is hit by Patrice Bergeron and loses puck.
8:33 of 3rd period - Snap shot by Shawn Horcoff.
8:33 of 3rd period - Shot Misses the Net.
8:47 of 3rd period - Blair Betts is hit by Matt Greene and loses puck.
8:58 of 3rd period - Wrist shot by Jere Lehtinen.
8:58 of 3rd period - Stopped by Pekka Rinne without a rebound.
8:59 of 3rd period - Bobby Holik wins face-off versus Petr Schastlivy in Flames zone.
9:04 of 3rd period - Snap shot by Bobby Holik.
9:04 of 3rd period - Stopped by Pekka Rinne with a rebound.
9:06 of 3rd period - Snap shot by Alexandre Burrows.
9:06 of 3rd period - Shot Misses the Net.
9:08 of 3rd period - Snap shot by Alexandre Burrows.
9:08 of 3rd period - Deflect By Jere Lehtinen.
9:08 of 3rd period - Stopped by Pekka Rinne without a rebound.
9:09 of 3rd period - Bobby Holik wins face-off versus Eric Staal in Flames zone.
9:12 of 3rd period - Wrist shot by Jere Lehtinen.
9:12 of 3rd period - Goal by Jere Lehtinen - Rangers : 1 - Flames : 2.
9:13 of 3rd period - Eric Staal wins face-off versus Brad Richards in neutral zone.
9:29 of 3rd period - Snap shot by Pavel Bure.
9:29 of 3rd period - Stopped by Hannu Toivonen with a rebound.
10:01 of 3rd period - Snap shot by Shawn Horcoff.
10:01 of 3rd period - Stopped by Hannu Toivonen without a rebound.
10:02 of 3rd period - Bobby Holik wins face-off versus Kyle Calder in Rangers zone.
10:19 of 3rd period - Wrist shot by Owen Nolan.
10:19 of 3rd period - Shot Misses the Net.
10:23 of 3rd period - Backhand shot by Shawn Horcoff.
10:23 of 3rd period - Shot Misses the Net.
10:25 of 3rd period - Slapshot by Mike Mottau.
10:25 of 3rd period - Shot Misses the Net.
10:27 of 3rd period - Slapshot by Shawn Horcoff.
10:27 of 3rd period - Stopped by Hannu Toivonen with a rebound.
10:33 of 3rd period - Snap shot by Shawn Horcoff.
10:33 of 3rd period - Shot Blocked by Brent Seabrook.
10:35 of 3rd period - Wrist shot by Owen Nolan.
10:35 of 3rd period - Shot Misses the Net.
10:37 of 3rd period - Slapshot by Shawn Horcoff.
10:37 of 3rd period - Shot Misses the Net.
10:49 of 3rd period - Slapshot by Brent Seabrook.
10:49 of 3rd period - Stopped by Pekka Rinne without a rebound.
10:50 of 3rd period - Milan Lucic wins face-off versus Eric Staal in Flames zone.
11:06 of 3rd period - Minor Penalty to Kimmo Timonen for Roughing.
11:07 of 3rd period - Bobby Holik wins face-off versus Eric Staal in Rangers zone.
11:21 of 3rd period - Icing by Eric Staal.
11:22 of 3rd period - Eric Staal wins face-off versus Bobby Holik in Flames zone.
11:35 of 3rd period - Slapshot by Alexander Semin.
11:35 of 3rd period - Goal by Alexander Semin - Rangers : 1 - Flames : 3.
11:36 of 3rd period - Brad Richards wins face-off versus Eric Staal in neutral zone.
12:02 of 3rd period - Johan Franzen is hit by Steve Eminger and loses puck.
12:07 of 3rd period - Wrist shot by David Backes.
12:07 of 3rd period - Goal by David Backes - Rangers : 1 - Flames : 4.
12:08 of 3rd period - Brad Richards wins face-off versus Eric Staal in neutral zone.
12:39 of 3rd period - Steve Eminger is hit by Patrick Sharp and loses puck.
12:46 of 3rd period - Patrick Sharp is hit by Alexander Semin and loses puck.
12:59 of 3rd period - Tomas Kaberle is hit by Brent Seabrook and loses puck.
13:19 of 3rd period - Icing by Tomas Kaberle.
13:20 of 3rd period - Brad Richards wins face-off versus Michal Handzus in Flames zone.
13:21 of 3rd period - Snap shot by Milan Lucic.
13:21 of 3rd period - Stopped by Pekka Rinne with a rebound.
13:23 of 3rd period - Snap shot by Milan Lucic.
13:23 of 3rd period - Deflect By Brad Richards.
13:23 of 3rd period - Deflect By Tomas Kaberle.
13:23 of 3rd period - Shot Blocked by Tomas Kaberle.
13:23 of 3rd period - Puck is out of play.
13:24 of 3rd period - Eric Staal wins face-off versus Brad Richards in Flames zone.
13:46 of 3rd period - Icing by Pavel Bure.
13:47 of 3rd period - Eric Staal wins face-off versus Patrice Bergeron in Flames zone.
13:54 of 3rd period - Slapshot by Rob Blake.
13:54 of 3rd period - Stopped by Hannu Toivonen with a rebound.
14:12 of 3rd period - Matt Smaby is hit by Patric Hornqvist and loses puck.
14:17 of 3rd period - Slapshot by Brad Richards.
14:17 of 3rd period - Shot Misses the Net.
14:19 of 3rd period - Wrist shot by Bryan Berard.
14:19 of 3rd period - Deflect By Alexander Semin.
14:19 of 3rd period - Stopped by Pekka Rinne without a rebound.
14:20 of 3rd period - Brad Richards wins face-off versus Eric Staal in Flames zone.
14:27 of 3rd period - Wrist shot by Milan Lucic.
14:27 of 3rd period - Stopped by Pekka Rinne without a rebound.
14:28 of 3rd period - Eric Staal wins face-off versus Brad Richards in Flames zone.
14:33 of 3rd period - Slapshot by Tomas Kaberle.
14:33 of 3rd period - Stopped by Hannu Toivonen without a rebound.
14:34 of 3rd period - Brad Richards wins face-off versus Eric Staal in Rangers zone.
14:59 of 3rd period - Kimmo Timonen is hit by David Backes and loses puck.
15:07 of 3rd period - Off-side.
15:08 of 3rd period - Eric Staal wins face-off versus Brad Richards in neutral zone.
15:35 of 3rd period - Brent Seabrook is hit by Michal Handzus.
15:36 of 3rd period - Minor Penalty to Patrice Bergeron for Holding.
15:37 of 3rd period - Bobby Holik wins face-off versus Alexander Semin in Rangers zone.
15:52 of 3rd period - Snap shot by Eric Staal.
15:52 of 3rd period - Stopped by Hannu Toivonen with a rebound.
17:27 of 3rd period - Tomas Kaberle is hit by Kyle McLaren.
17:36 of 3rd period - Penalty to Patrice Bergeron is over, Patrice Bergeron is back on ice.
17:54 of 3rd period - Kimmo Timonen is hit by Jordin Tootoo.
18:16 of 3rd period - Eric Staal is hit by Patrice Bergeron and loses puck.
19:08 of 3rd period - Cam Barker is hit by Jordin Tootoo and loses puck.
19:22 of 3rd period - Off-side.
19:23 of 3rd period - Owen Nolan wins face-off versus Patrice Bergeron in neutral zone.
19:50 of 3rd period - Eric Staal is hit by Kyle McLaren and loses puck.
Output by the SimonT Hockey Simulator (STHS) for François Prévost -- Original Page W3C XHTML 1.0 Valid